 Dungeon Crawl Stone Soup version 0.21.1-1-g345015f (webtiles) character file.

45 odemus the Conjurer (level 3, -4/19 HPs)
             Began as a Deep Elf Conjurer on Apr 10, 2018.
             Slain by a worm (11 damage)
             ... on level 2 of the Dungeon.
             The game lasted 00:10:59 (1788 turns).

odemus the Conjurer (Deep Elf Conjurer)             Turns: 1788, Time: 00:11:00

Health: -4/19      AC:  3    Str:  5    XL:     3   Next: 42%
Magic:  2/10       EV: 13    Int: 20    God:
Gold:   91         SH:  0    Dex: 15    Spells: 5/9 levels left

rFire    . . .     SeeInvis .   g - -1 dagger (curse)
rCold    . . .     Gourm    .   (no shield)
rNeg     . . .     Faith    .   a - +1 robe
rPois    .         Spirit   .   (no helmet)
rElec    .         Reflect  .   (no cloak)
rCorr    .         Harm     .   (no gloves)
MR       .....                  (no boots)
Stlth    ++........             (no amulet)
HPRegen  0.06/turn              (no ring)
MPRegen  0.12/turn              (no ring)

@: very slightly contaminated, hasted, invisible, very quick
A: no striking features
a: no special abilities


You were on level 2 of the Dungeon.
You were not hungry.

You visited 1 branch of the dungeon, and saw 2 of its levels.

You collected 91 gold pieces.

Inventory:

Hand Weapons
 g - a cursed -1 dagger (weapon)
Armour
 a - a +1 robe (worn)
 d - a +0 pair of gloves
Scrolls
 j - a scroll of fear {unknown}
Books
 b - a book of Conjurations

   Spells                             Type                      Level
   a - Magic Dart                     Conjuration                  1
   b - Searing Ray                    Conjuration                  2
   c - Dazzling Spray                 Conjuration/Hexes            3
   d - Fulminant Prism                Conjuration/Hexes            4
   e - Force Lance                    Conjuration/Translocation    4
   f - Iskenderun's Mystic Blast      Conjuration                  4


   Skills:
 - Level 2.4 Dodging
 + Level 3.1 Stealth
 + Level 3.6 Spellcasting
 * Level 5.2 Conjurations


You had 5 spell levels left.
You knew the following spells:

 Your Spells              Type           Power        Failure   Level  Hunger
a - Magic Dart            Conj           ###.         1%          1    None
b - Dazzling Spray        Conj/Hex       ##....       14%         3    ###....


Dungeon Overview and Level Annotations

Branches:
Dungeon (2/15)

Altars:
Ashenzari

Annotations:
D:2 Robin


Message History

Casting: Magic Dart
Confirm with . or Enter, or press ? or * to list all spells.
You don't have enough magic to cast that spell.
It was a potion of haste.
You feel yourself speed up. The jackal closely misses you.
The worm barely misses you.
Casting: Magic Dart
Confirm with . or Enter, or press ? or * to list all spells.
You don't have enough magic to cast that spell.
As you read the scroll labeled EKHLOIF YBLIN, it crumbles to dust.
Your nose twitches suddenly!
It was a scroll of random uselessness.
The jackal closely misses you.
As you read the scroll labeled QUNADOELAKH, it crumbles to dust.
You feel aware of your surroundings.
It was a scroll of magic mapping.
The jackal misses you.
As you read the scroll labeled DIOFRU EWKAZU, it crumbles to dust.
It is a scroll of enchant armour.
Your +0 robe glows green for a moment.
The jackal completely misses you. The worm bites you!
Ouch! That really hurt!
You die...

*,* **,,#*,*,,,,,,,,,,, #.#######
#...#.***,**,,,****
#.......##*....## **,**,,,,,,
##########.).##.....***,*********
#......(...#.......#,*,,,,,,,,,,>
#.########...###...#...#.###*****
#.# ##.## #g.,..#.....# *** #.#
#.# #h#**%......## *,, #.# #.#
#@# **.......***,* #.### #.# #w#
**....),,,,,, #...# #.# #.#
*,.h.,,***,* ###.# #.# #.#
**#l#*** *,, #.#
#.####.#######.######## #.#
#..w.....##....<....... #.#
######..........####### #.#
###.##......# #.# *.##.....##


You could see a worm, a jackal and a goblin.

Vanquished Creatures
  An adder (D:2)
  A dart slug (D:1)
  A bat (D:1)
  3 giant cockroaches
  7 goblins
  6 hobgoblins
  2 jackals
  2 kobolds (D:1)
  7 rats
30 creatures vanquished.

Notes
Turn   | Place    | Note
-------+----------+-------------------------------------------
     0 | D:1      | odemus the Deep Elf Conjurer began the quest for the Orb.
     0 | D:1      | Reached XP level 1. HP: 10/10 MP: 6/6
   212 | D:1      | Reached XP level 2. HP: 15/15 MP: 5/8
  1114 | D:2      | Reached skill level 5 in Conjurations
  1210 | D:2      | Reached XP level 3. HP: 18/19 MP: 3/9
  1261 | D:2      | Found a shattered altar of Ashenzari.
  1420 | D:2      | Noticed Robin
  1742 | D:2      | Learned a level 3 spell: Dazzling Spray
  1788 | D:2      | Slain by a worm

Skill      XL: |  1  2 |
---------------+-------+-----
Conjurations   | 5 |  5.2
Stealth        | 3 |  3.1
Dodging        | |  2.4
Spellcasting   | |  3.6

Action                   || total
-------------------------++-------
Melee: Dagger            ||    17
 Cast: Magic Dart        ||    68
       Dazzling Spray    ||     3
  Use: Scroll            ||     3
       Potion            ||     2
  Eat: Ration            ||     1
Armor: Robe              ||     9
Dodge: Dodged            ||    45
